TOP OF THE 1ST |
---|
Minnesota ManBearPigs batting - Pitching for Wilmington Rebels : RHP Gabriel Castillo | Pitching: RHP Gabriel Castillo | | Batting: RHB Carlos López | 0-0: Ball 1-0: SINGLE (Line Drive, 7LS) | Batting: LHB Stanley Smith | 0-0: 2-RUN HOME RUN (Flyball, 78XD), Distance : 382 ft | Batting: LHB Pedro Escobar | 0-0: Called Strike 0-1: Ball 1-1: SINGLE (Line Drive, 9S) | Batting: RHB Jaime Hernández | 0-0: Ground out 5-3 (Groundball, 56S) Pedro Escobar to second | Batting: LHB Greg MacCanish | 0-0: Ball 1-0: Swinging Strike 1-1: Ball 2-1: Fly out, F9 (Flyball, 9S) | Batting: RHB James Hunter | 0-0: 2-RUN HOME RUN (Flyball, 7LD), Distance : 379 ft | Batting: LHB Horace Kramer | 0-0: Ball 1-0: Ball 2-0: Foul Ball, location: 2F 2-1: Swinging Strike 2-2: Strikes out swinging | Top of the 1st over - 4 runs, 4 hits, 0 errors, 0 left on base; Minnesota 4 - Wilmington 0 | BOTTOM OF THE 1ST |
---|
Wilmington Rebels batting - Pitching for Minnesota ManBearPigs : RHP Brian Harvey | Pitching: RHP Brian Harvey | | Batting: RHB Mitchell Pate | 0-0: Ball 1-0: Called Strike 1-1: Ball 2-1: Reached on error, E5 (Groundball, 5S) | Batting: RHB Pedro Zavala | 0-0: Ball 1-0: Called Strike 1-1: Swinging Strike 1-2: Strikes out swinging | Batting: LHB Guillermo Santos | 0-0: Fly out, F9 (Flyball, 9S) | Batting: LHB Marv Gardner | 0-0: Called Strike 0-1: Ball 1-1: Ball 2-1: Foul Ball, location: 2F 2-2: DOUBLE (Line Drive, 89M) Mitchell Pate scores | Batting: RHB Henry Dawson | 0-0: Swinging Strike 0-1: Ball 1-1: Called Strike 1-2: Ball 2-2: Ball 3-2: Base on Balls | Batting: RHB Sergio Moreno | 0-0: Ball 1-0: Ball 2-0: Ball 3-0: Base on Balls Marv Gardner to third Henry Dawson to second | Batting: LHB Seth Sullivan | 0-0: Ball 1-0: Ball 2-0: Foul Ball, location: 2F 2-1: Called Strike 2-2: Ball 3-2: Ground out U3 (Groundball, 3L) | Bottom of the 1st over - 1 run, 1 hit, 1 error, 3 left on base; Minnesota 4 - Wilmington 1 | TOP OF THE 2ND |
---|
Minnesota ManBearPigs batting - Pitching for Wilmington Rebels : RHP Gabriel Castillo | Batting: RHB Pedro López | 0-0: Ball 1-0: Ball 2-0: Swinging Strike 2-1: Fly out, F8 (Flyball, 89D) | Pitching: LHP Manuel Guel | | Batting: RHB Álex Martínez | 0-0: Called Strike 0-1: Ground out 6-3 (Groundball, 56) | Batting: RHB Carlos López | 0-0: Ball 1-0: Called Strike 1-1: Ball 2-1: Foul Ball, location: 2F 2-2: Fly out, F9 (Flyball, 9S) | Top of the 2nd over - 0 runs, 0 hits, 0 errors, 0 left on base; Minnesota 4 - Wilmington 1 | BOTTOM OF THE 2ND |
---|
Wilmington Rebels batting - Pitching for Minnesota ManBearPigs : RHP Brian Harvey | Batting: RHB Brian McCoy | 0-0: Ball 1-0: Ball 2-0: Ball 3-0: Base on Balls | Batting: RHB Guillermo González | 0-0: Ball 1-0: Ball 2-0: SINGLE (Groundball, 56D) Brian McCoy to second | Batting: RHB Mitchell Pate | 0-0: Fly out, F9 (Flyball, 9) | Batting: RHB Pedro Zavala | 0-0: Called Strike 0-1: Ball 1-1: Foul Ball, location: 2F 1-2: Strikes out swinging | Batting: LHB Guillermo Santos | 0-0: Ground out U3 (Groundball, 3) | Bottom of the 2nd over - 0 runs, 1 hit, 0 errors, 2 left on base; Minnesota 4 - Wilmington 1 | TOP OF THE 3RD |
---|
Minnesota ManBearPigs batting - Pitching for Wilmington Rebels : LHP Manuel Guel | Batting: LHB Stanley Smith | 0-0: Called Strike 0-1: Called Strike 0-2: Foul Ball, location: 2F 0-2: Ball 1-2: Ball 2-2: Strikes out looking | Batting: LHB Pedro Escobar | 0-0: Called Strike 0-1: Ball 1-1: Foul Ball, location: 2F 1-2: Ball 2-2: Ball 3-2: Fly out, F9 (Flyball, 89M) | Batting: RHB Jaime Hernández | 0-0: Ball 1-0: Fly out, F9 (Flyball, 9S) | Top of the 3rd over - 0 runs, 0 hits, 0 errors, 0 left on base; Minnesota 4 - Wilmington 1 | BOTTOM OF THE 3RD |
---|
Wilmington Rebels batting - Pitching for Minnesota ManBearPigs : RHP Brian Harvey | Batting: LHB Marv Gardner | 0-0: Ball 1-0: Foul Ball, location: 2F 1-1: Foul Ball, location: 2F 1-2: Ball 2-2: Strikes out swinging | Batting: RHB Henry Dawson | 0-0: Called Strike 0-1: Fly out, F4 (Line Drive, 4M) | Batting: RHB Sergio Moreno | 0-0: Called Strike 0-1: Ball 1-1: Ball 2-1: Ball 3-1: Base on Balls | Batting: LHB Seth Sullivan | 0-0: Ball 1-0: Fielders Choice at 2nd, 5-4 (Groundball, 56) | Bottom of the 3rd over - 0 runs, 0 hits, 0 errors, 1 left on base; Minnesota 4 - Wilmington 1 | TOP OF THE 4TH |
---|
Minnesota ManBearPigs batting - Pitching for Wilmington Rebels : LHP Manuel Guel | Batting: LHB Greg MacCanish | 0-0: Ball 1-0: Called Strike 1-1: Ground out U3 (Groundball, 3) | Batting: RHB James Hunter | 0-0: Swinging Strike 0-1: Ball 1-1: Ball 2-1: Ball 3-1: Ground out 4-3 (Groundball, 4S) | Batting: LHB Horace Kramer | 0-0: Ball 1-0: Called Strike 1-1: Ball 2-1: Ground out 4-3 (Groundball, 4) | Top of the 4th over - 0 runs, 0 hits, 0 errors, 0 left on base; Minnesota 4 - Wilmington 1 | BOTTOM OF THE 4TH |
---|
Wilmington Rebels batting - Pitching for Minnesota ManBearPigs : RHP Brian Harvey | Batting: RHB Brian McCoy | 0-0: Called Strike 0-1: Swinging Strike 0-2: Ball 1-2: Foul Ball, location: 2F 1-2: Strikes out swinging | Batting: RHB Guillermo González | 0-0: Called Strike 0-1: Ball 1-1: Ball 2-1: Ball 3-1: Base on Balls | Batting: RHB Mitchell Pate | 0-0: Ball 1-0: Fly out, F3 (Popup, 3SF) | Batting: RHB Pedro Zavala | 0-0: Foul Ball, location: 2F 0-1: Ball 1-1: Fly out, F1 (Line Drive, 15) | Bottom of the 4th over - 0 runs, 0 hits, 0 errors, 1 left on base; Minnesota 4 - Wilmington 1 | TOP OF THE 5TH |
---|
Minnesota ManBearPigs batting - Pitching for Wilmington Rebels : LHP Manuel Guel | Batting: RHB Pedro López | 0-0: Ball 1-0: Fly out, F7 (Flyball, 78M) | Batting: RHB Álex Martínez | 0-0: Fly out, F8 (Flyball, 8RD) | Batting: RHB Carlos López | 0-0: Ball 1-0: Ball 2-0: Called Strike 2-1: Foul Ball, location: 2F 2-2: Ball 3-2: Base on Balls | Batting: LHB Stanley Smith | 0-0: Called Strike 0-1: Ball 1-1: Ball 2-1: Foul Ball, location: 2F 2-2: Ball 3-2: DOUBLE (Flyball, 89D) Carlos López to third Carlos López scores | Batting: LHB Pedro Escobar | 0-0: Ball 1-0: Fly out, F4 (Line Drive, 4) | Top of the 5th over - 1 run, 1 hit, 0 errors, 1 left on base; Minnesota 5 - Wilmington 1 | BOTTOM OF THE 5TH |
---|
Wilmington Rebels batting - Pitching for Minnesota ManBearPigs : RHP Brian Harvey | Batting: LHB Guillermo Santos | 0-0: Ball 1-0: Called Strike 1-1: Swinging Strike 1-2: Ball 2-2: Strikes out swinging | Batting: LHB Marv Gardner | 0-0: Called Strike 0-1: Foul Ball, location: 2F 0-2: Ball 1-2: Fly out, F3 (Popup, 3S) | Batting: RHB Henry Dawson | 0-0: Ball 1-0: Called Strike 1-1: Reached via error on a dropped throw, E3 | Batting: RHB Sergio Moreno | 0-0: Called Strike 0-1: Called Strike 0-2: SINGLE (Groundball, 4D) Henry Dawson to second Runner from 2nd tries for 3rd, SAFE, no throw | Batting: LHB Seth Sullivan | 0-0: Fly out, F9 (Flyball, 9S) | Bottom of the 5th over - 0 runs, 1 hit, 1 error, 2 left on base; Minnesota 5 - Wilmington 1 | TOP OF THE 6TH |
---|
Minnesota ManBearPigs batting - Pitching for Wilmington Rebels : LHP Manuel Guel | Batting: RHB Jaime Hernández | 0-0: Ball 1-0: Called Strike 1-1: Ball 2-1: Fly out, F6 (Line Drive, 6) | Batting: LHB Greg MacCanish | 0-0: Foul Ball, location: 2F 0-1: Ball 1-1: SINGLE (Line Drive, 4MD) | Batting: RHB James Hunter | 0-0: Foul Ball, location: 2F 0-1: Ball 1-1: Foul Ball, location: 2F 1-2: Fly out, F6 (Line Drive, 6M) | Batting: LHB Horace Kramer | 0-0: Ball 1-0: Ball 2-0: Ball 3-0: Called Strike 3-1: Base on Balls Greg MacCanish to second | Batting: RHB Pedro López | 0-0: Swinging Strike 0-1: Fly out, F9 (Flyball, 9S) | Top of the 6th over - 0 runs, 1 hit, 0 errors, 2 left on base; Minnesota 5 - Wilmington 1 | BOTTOM OF THE 6TH |
---|
Wilmington Rebels batting - Pitching for Minnesota ManBearPigs : RHP Brian Harvey | Batting: RHB Brian McCoy | 0-0: Called Strike 0-1: Foul Ball, location: 2F 0-2: Foul Ball, location: 2F 0-2: Strikes out swinging | Batting: RHB Guillermo González | 0-0: Called Strike 0-1: Swinging Strike 0-2: Ball 1-2: Foul Ball, location: 2F 1-2: Foul Ball, location: 2F 1-2: Ball 2-2: Ball 3-2: Foul Ball, location: 2F 3-2: Foul Ball, location: 2F 3-2: Strikes out looking | Batting: RHB Mitchell Pate | 0-0: Foul Ball, location: 2F 0-1: Swinging Strike 0-2: Ball 1-2: Strikes out swinging | Bottom of the 6th over - 0 runs, 0 hits, 0 errors, 0 left on base; Minnesota 5 - Wilmington 1 | TOP OF THE 7TH |
---|
Minnesota ManBearPigs batting - Pitching for Wilmington Rebels : LHP Manuel Guel | Pitching: RHP Juan Baca | | Batting: RHB Álex Martínez | 0-0: Foul Ball, location: 2F 0-1: Fly out, F8 (Flyball, 8RD) | Batting: RHB Carlos López | 0-0: Called Strike 0-1: Foul Ball, location: 2F 0-2: Fly out, F8 (Flyball, 8LD) | Batting: LHB Stanley Smith | 0-0: Ball 1-0: Ball 2-0: Ball 3-0: Called Strike 3-1: Base on Balls | Batting: LHB Pedro Escobar | 0-0: Called Strike 0-1: Ball 1-1: Called Strike 1-2: Ground out 4-3 (Groundball, 34) | Top of the 7th over - 0 runs, 0 hits, 0 errors, 1 left on base; Minnesota 5 - Wilmington 1 | BOTTOM OF THE 7TH |
---|
Wilmington Rebels batting - Pitching for Minnesota ManBearPigs : RHP Brian Harvey | Pitching: RHP Cam Sparks | | Batting: RHB Pedro Zavala | 0-0: Foul Ball, location: 2F 0-1: Ball 1-1: DOUBLE (Flyball, 8LD) | Batting: LHB Guillermo Santos | 0-0: Called Strike 0-1: Ball 1-1: Foul Ball, location: 2F 1-2: Ball 2-2: Fly out, F3 (Flyball, 3DF) | Batting: LHB Marv Gardner | 0-0: Called Strike 0-1: Swinging Strike 0-2: Ball 1-2: Fly out, F9 (Line Drive, 89D) | Batting: RHB Henry Dawson | 0-0: Called Strike 0-1: Foul Ball, location: 2F 0-2: SINGLE (Flyball, 34D) Pedro Zavala to third Runner from 3rd tries for Home, SAFE, no throw | Batting: RHB Sergio Moreno | 0-0: Called Strike 0-1: Ball 1-1: Fly out, F4 (Popup, 4M) | Bottom of the 7th over - 1 run, 2 hits, 0 errors, 1 left on base; Minnesota 5 - Wilmington 2 | TOP OF THE 8TH |
---|
Minnesota ManBearPigs batting - Pitching for Wilmington Rebels : RHP Juan Baca | Batting: RHB Jaime Hernández | 0-0: Called Strike 0-1: Ball 1-1: Called Strike 1-2: Ball 2-2: Strikes out swinging | Batting: LHB Greg MacCanish | 0-0: Foul Ball, location: 2F 0-1: Ball 1-1: Swinging Strike 1-2: Strikes out swinging | Batting: RHB James Hunter | 0-0: Ball 1-0: Ball 2-0: Ball 3-0: Base on Balls | Pitching: LHP Alan Baca | | Batting: LHB Horace Kramer | 0-0: Ball 1-0: Ball 2-0: Called Strike 2-1: Ball 3-1: Base on Balls James Hunter to second | Pitching: RHP William Gallegos | | Batting: RHB Pedro López | 0-0: Called Strike 0-1: SINGLE (Flyball, 34D) James Hunter to third Horace Kramer to second | Pinch Hitting: SHB Jorge Rodríguez | 0-0: Called Strike 0-1: Ball 1-1: Foul Ball, location: 2F 1-2: Foul Ball, location: 2F 1-2: Ball 2-2: Foul Ball, location: 2F 2-2: Ground out 4-3 (Groundball, 4) | Top of the 8th over - 0 runs, 1 hit, 0 errors, 3 left on base; Minnesota 5 - Wilmington 2 | BOTTOM OF THE 8TH |
---|
Wilmington Rebels batting - Pitching for Minnesota ManBearPigs : RHP Cam Sparks | Now at 2B: Martín Pérez | | Now at SS: Lorenzo Féliz | | Now in RF: Carlos Luna | | Batting: LHB Seth Sullivan | 0-0: Swinging Strike 0-1: Ball 1-1: Ball 2-1: Ball 3-1: Foul Ball, location: 2F 3-2: Strikes out looking | Batting: RHB Brian McCoy | 0-0: Ball 1-0: Fly out, F6 (Popup, 6MS) | Batting: RHB Guillermo González | 0-0: Ball 1-0: Ball 2-0: Swinging Strike 2-1: Ball 3-1: Foul Ball, location: 2F 3-2: Foul Ball, location: 2F 3-2: Strikes out looking | Bottom of the 8th over - 0 runs, 0 hits, 0 errors, 0 left on base; Minnesota 5 - Wilmington 2 | TOP OF THE 9TH |
---|
Minnesota ManBearPigs batting - Pitching for Wilmington Rebels : RHP William Gallegos | Batting: LHB Lorenzo Féliz | 0-0: Swinging Strike 0-1: Called Strike 0-2: Ball 1-2: Ground out 4-3 (Groundball, 4) | Batting: RHB Carlos Luna | 0-0: Ball 1-0: Swinging Strike 1-1: Foul Ball, location: 2F 1-2: Foul Ball, location: 2F 1-2: Foul Ball, location: 2F 1-2: Foul Ball, location: 2F 1-2: Ball 2-2: Strikes out swinging | Batting: LHB Pedro Escobar | 0-0: Called Strike 0-1: SINGLE (Flyball, 8RS) | Batting: RHB Jaime Hernández | 0-0: Ball 1-0: DOUBLE (Line Drive, 89D) Pedro Escobar to third Runner from 3rd tries for Home, SAFE, throw made at trailing runner, SAFE at third! | Batting: LHB Greg MacCanish | 0-0: Called Strike 0-1: Foul Ball, location: 2F 0-2: Foul Ball, location: 2F 0-2: Strikes out swinging | Top of the 9th over - 1 run, 2 hits, 0 errors, 1 left on base; Minnesota 6 - Wilmington 2 | BOTTOM OF THE 9TH |
---|
Wilmington Rebels batting - Pitching for Minnesota ManBearPigs : RHP Cam Sparks | Batting: RHB Mitchell Pate | 0-0: Ball 1-0: Foul Ball, location: 2F 1-1: Fly out, F7 (Line Drive, 7) | Batting: RHB Pedro Zavala | 0-0: Called Strike 0-1: Ball 1-1: Swinging Strike 1-2: Strikes out looking | Batting: LHB Guillermo Santos | 0-0: Ball 1-0: Foul Ball, location: 2F 1-1: Swinging Strike 1-2: Fly out, F9 (Flyball, 9) | Bottom of the 9th over - 0 runs, 0 hits, 0 errors, 0 left on base; Minnesota 6 - Wilmington 2 | |